 Dungeon Crawl Stone Soup version 0.29-a0-283-ga02f740833 (webtiles) character file.

Game seed: 6448915568189270712

277 drugrobin the Skirmisher (level 5, 0/46 HPs)
             Began as a Demigod Fighter on Mar 14, 2022.
             Slain by an orc
             ... wielding a +0 morningstar
              (4 damage)
             ... on level 3 of the Dungeon.
             The game lasted 00:07:01 (4481 turns).

drugrobin the Skirmisher (Demigod Fighter)          Turns: 4481, Time: 00:07:02

Health: 0/46       AC:  7    Str: 21    XL:     5   Next: 74%
Magic:  7/7        EV:  9    Int: 10    God:
Gold:   180        SH:  5    Dex: 13    Spells: 4/4 levels left

rFire   . . .      SeeInvis .   a - +0 war axe
rCold   . . .      Faith    .   c - +0 buckler
rNeg    . . .      Spirit   .   t - +0 scale mail
rPois   +          Reflect  .   (no helmet)
rElec   .          Harm     .   (no cloak)
rCorr   .          Rampage  .   (no gloves)
Will    .....                   (no boots)
Stlth   ..........              (no amulet)
HPRegen 0.15/turn               u - ring of poison resistance
MPRegen 0.10/turn               (no ring)

@: no status effects
A: high MP 1, forlorn, divine attributes
a: no special abilities


You were on level 3 of the Dungeon.
You visited 1 branch of the dungeon, and saw 4 of its levels.
You also visited: Sewer.

You collected 180 gold pieces.

Inventory:

Hand Weapons
 a - a +0 war axe (weapon)
 b - a +0 hunting sling
Missiles
 j - 6 poisoned darts (quivered)
 s - 5 javelins
Armour
 c - a +0 buckler (worn)
 t - a +0 scale mail (worn)
Jewellery
 u - a ring of poison resistance (left hand)
Scrolls
 f - a scroll of magic mapping {unknown}
 g - a scroll of vulnerability {unknown}
 h - a scroll of blinking {unknown}
 i - 2 scrolls of teleportation {unknown}
 k - a scroll of identify {unknown}
 o - a scroll of enchant armour {unknown}
 q - a scroll of immolation
 r - a scroll of noise {unknown}
Potions
 d - 3 potions of might
 e - a potion of experience {unknown}
 l - 2 potions of brilliance {unknown}
 m - 2 potions of heal wounds {unknown}
 n - 2 potions of haste {unknown}
 p - a potion of berserk rage {unknown}


   Skills:
 + Level 3.8 Fighting
 + Level 3.2 Axes
 + Level 3.8 Armour
 + Level 3.8 Shields


You had 4 spell levels left.
You didn't know any spells.
Your spell library was empty.

Dungeon Overview and Level Annotations

Branches:
Dungeon (4/15)              Sewer (visited)
 Temple: D:4-7


Innate Abilities, Weirdness & Mutations

You have an increased reservoir of magic. (+10% MP)
You shall have no god before yourself.
Your divine heritage dramatically boosts your attributes as you level up.


Message History

You climb upwards.
Reactivating autopickup.
There is a stone staircase leading down here.
Unknown command.
Unknown command.
Unknown command.
You slash the orc priest!
The orc priest is heavily wounded.
You hit the orc. You hit the orc but do no damage.
The orc hits you with a +0 club. The orc completely misses you.
The orc priest hits you with a +0 dagger.
Unknown command.
Unknown command.
You barely miss the orc priest.
The orc priest is heavily wounded.
You hit the orc but do no damage. You hit the orc.
The orc priest calls upon Beogh to heal the orc.
The orc's wounds heal themselves!
The orc hits you with a +0 club. The orc hits you with a +0 morningstar!
* * * LOW HITPOINT WARNING * * *
Unknown command.
Unknown command.
Unknown command.
Unknown command.
Okay, then.
Unknown command.
You slash the orc priest!
You kill the orc priest!
You hit the orc. x2; The orc closely misses you.
You block the orc's attack. The orc hits you but does no damage.
The orc barely misses you.
Unknown command.
Unknown command.
Unknown command.
Unknown command.
Unknown command.
You closely miss the orc.
The orc is severely wounded.
You barely miss the orc. You block the orc's attack.
The orc hits you with a +0 morningstar.
You die...

#.... #.... ######
#.... #....# ###'#
#....# ##########.#
#....# #...#..(....
#....# #...#.###.##
#.o..####...#.#.....
##..@................
#..).o....####.#.#.##
#.........####...#.##
#....................
#..........#.....#.##
#..........#.###.#..#
#..........#.# #.##.#
#..........#.# #....#
#............###.##..


You could see 2 orcs.

Vanquished Creatures
  An orc priest (D:3)
  Natasha (twice) (D:3)
  8 adders
  6 river rats (Sewer)
  A worm (D:2)
  A dart slug (D:3)
  An orc (D:3)
  9 ball pythons
  2 bats
  4 endoplasms
  2 giant cockroaches (D:3)
  5 goblins
  4 hobgoblins
  10 jackals
  5 kobolds
  3 quokkas
  7 frilled lizards
  6 rats
77 creatures vanquished.

Vanquished Creatures (others)
  29 plants (Sewer)
29 creatures vanquished.

Grand Total: 106 creatures vanquished

Notes
Turn   | Place    | Note
-------+----------+-------------------------------------------
     0 | D:1      | drugrobin the Demigod Fighter began the quest for the Orb.
     0 | D:1      | Reached XP level 1. HP: 18/18 MP: 3/3
   543 | D:1      | You fall into a shaft and drop 1 floor!
   565 | D:2      | Reached XP level 2. HP: 21/25 MP: 4/4
  1493 | D:2      | Reached XP level 3. HP: 31/31 MP: 5/5
  2051 | D:3      | Found a glowing drain.
  2102 | Sewer    | Entered a sewer
  2381 | Sewer    | Reached XP level 4. HP: 14/38 MP: 6/6
  3559 | D:3      | Reached XP level 5. HP: 45/45 MP: 7/7
  3779 | D:3      | Noticed Natasha
  3910 | D:3      | Killed Natasha
  4157 | D:3      | Noticed Natasha
  4165 | D:3      | Killed Natasha
  4481 | D:3      | Slain by an orc

Illustrated notes

Levels and vault maps discovered:
D:1:      nicolae_arrival_somewhat_less_tricky_arrival, layout_basic,
          wander_ebering_terrifying_dragon_lair
D:2:      layout_basic, minmay_crystal_water, chequers_decorated_corner
D:3:      layout_basic, hellmonk_ecumenical_altar_blasted,
          cheibrodos_sewer_entry_drain, grunt_decor_junction, uniq_natasha
D:4:      layout_cave_pools, nrook_mini_vaults

Skill      XL: |  1  2  3  4  5 |
---------------+----------------+-----
Axes           | 2 3 |  3.2
Shields        | 3 |  3.8
Fighting       | 3 |  3.8
Armour         | 3 |  3.8

Action                   |  1- 3 |  4- 6 || total
-------------------------+-------+-------++-------
Melee: War axe           |   146 |   113 ||   259
 Fire: Hunting sling     |       |    12 ||    12
Throw: Dart              |     5 |     5 ||    10
Armor: Scale mail        |    46 |    49 ||    95
Dodge: Dodged            |    68 |    53 ||   121
Block: Buckler           |    39 |    19 ||    58

Table legend: (Time is in decaauts)
 A = Elapsed time spent in this place.
 B = Non-inter-level travel time spent in this place.
 C = Inter-level travel time spent in this place.
 D = Time resting spent in this place.
 E = Time spent auto-exploring this place.
 F = Levels seen in this place.
 G = Mean time per level.
                   A        B        C        D        E       F      G
               +--------+--------+--------+--------+--------+-----+--------+
         Total |   4746 |   4591 |    155 |    821 |   2662 |   5 |  949.2 |
       Dungeon |   3146 |   2991 |    155 |    327 |   1921 |   4 |  786.5 |
         Sewer |   1599 |   1599 |      0 |    494 |    741 |   1 | 1599.0 |
               +--------+--------+--------+--------+--------+-----+--------+

Top non-repeatable levels by time:
   Sewer: 1599 daAuts
     D:3: 1076 daAuts
     D:2: 1055 daAuts
     D:1: 1008 daAuts
     D:4: 5 daAuts
